 Dungeon Sprint DCSS version 0.22.1-1-ga44c0e56f4 (webtiles) character file.

133 MuseOD the Covert (level 4, -1/25 HPs)
             Began as a Spriggan Enchanter on Sept 23, 2018.
             Was a Believer of Dithmenos.
             Slain by an ice beast (12 damage)
             ... in the Dungeon (Sprint VII: "The Pits").
             The game lasted 00:01:18 (431 turns).

MuseOD the Covert (Spriggan Enchanter)               Turns: 431, Time: 00:01:19

Health: -1/25      AC:  2    Str:  4    XL:     4   Next: 94%
Magic:  1/9        EV: 18    Int: 17    God:    Dithmenos [**....]
Gold:   0          SH:  0    Dex: 16    Spells: 2/8 levels left

rFire    . . .     SeeInvis +   c - +2 dagger
rCold    . . .     Gourm    .   (shield restricted)
rNeg     . . .     Faith    .   b - +0 robe
rPois    .         Spirit   .   (helmet restricted)
rElec    .         Reflect  .   (no cloak)
rCorr    .         Harm     .   (gloves unavailable)
MR       .....     NoTele   +   (boots unavailable)
Stlth    +++++.....             (no amulet)
HPRegen  0.08/turn              (no ring)
MPRegen  0.11/turn              (no ring)

@: wreathed by umbra, very quick
A: very small, unfitting armour, see invisible, herbivore, speed 3, slow
metabolism 2
a: Shadow Step, Renounce Religion


You were in the Dungeon.
You worshipped Dithmenos.
Dithmenos was pleased with you.
You were not hungry.

You visited 1 branch

Inventory:

Hand Weapons
 a - a +1 dagger
 c - a +2 dagger (weapon)
Armour
 b - a +0 robe (worn)
Scrolls
 j - a scroll of blinking
 l - 3 scrolls of remove curse
 m - 5 scrolls of amnesia
 n - a scroll of summoning
Potions
 f - a potion of heal wounds
 g - a potion of haste
 h - 4 potions of magic
 i - 3 potions of berserk rage
 k - 2 potions of invisibility
Comestibles
 d - 9 rations


   Skills:
 + Level 3.8 Fighting
 * Level 7.6 Short Blades
 - Level 3.0 Dodging
 + Level 8.9 Stealth
 - Level 2.6 Spellcasting
 - Level 3.6 Hexes


You had 2 spell levels left.
You knew the following spells:

 Your Spells              Type           Power        Failure   Level  Hunger
a - Corona                Hex            ##.....      4%          1    #......
b - Ensorcelled Hibernat  Hex/Ice        #.....       13%         2    ##.....
c - Confuse               Hex            ##......     12%         3    ###....

Your spell library contained the following spells:

 Spells                   Type           Power        Failure   Level  Hunger
 Tukima's Dance           Hex            ##......     12%         3    ###....
 Dazzling Spray           Conj/Hex       #.....       26%         3    ###....


Dungeon Overview and Level Annotations

Branches:
Dungeon (1/1)

Altars:
Ashenzari
Cheibriados
Dithmenos
Elyvilon
Fedhas
Gozag
Hepliaklqana
Kikubaaqudgha
Makhleb
Nemelex Xobeh
Okawaru
Qazlal
Ru
Sif Muna
Trog
Uskayaw
Vehumet
Wu Jian
Xom
Yredelemnul
Zin
The Shining One
Beogh
Jiyva
Lugonu


Innate Abilities, Weirdness & Mutations

You are very small and have problems with some larger weapons.
You are too small for most types of armour.
You have supernaturally acute eyesight. (SInv)
You are a herbivore.
You cover ground extremely quickly.
You need to consume almost no food.


Message History

Press: ? - help, Shift-Dir - straight line, f - floating eye
Aim: a floating eye (umbra, chance to defeat MR: 49%)
The floating eye looks drowsy...
The helpless floating eye fails to defend itself.
You perforate the floating eye like a sieve!!!
You kill the floating eye!
Dithmenos accepts your kill.
You can now step into the shadows of nearby creatures.
Your Fighting skill increases to level 3!
Your Short Blades skill gained 2 levels and is now at level 7!
Your Stealth skill gained 2 levels and is now at level 8!
You have reached level 4!
Casting: Ensorcelled Hibernation (safe; 13% risk of failure)
Confirm with . or Enter, or press ? or * to list all spells.
Aiming: Confuse (safe; 12% risk of failure)
Press: ? - help, Shift-Dir - straight line, f - ice beast
Aim: an ice beast (umbra, chance to defeat MR: 45%)
The ice beast resists with some effort.
The ice beast hits you. The ice beast freezes you!
You die...

#.?(.')))'.##......#..#.
##########.##...........
#..........÷'...........
#+#####'#####......#..#.
#..#...'.##†..........
#..#...#.#####'#####++
#..#####.##.......#
#..'..)#.##.......#
#..'..rY@##.......#
#..########...<...# #..+
#.......# #..# #.......#
#### #.......# #########


You could see an ice beast and a river rat.

Vanquished Creatures
  A floating eye (D)
  A worker ant (D)
  A gnoll (D)
  A leopard gecko (D)
  A bat skeleton (D)
  A goblin (D)
  A frilled lizard (D)
7 creatures vanquished.

Notes
Turn   | Place    | Note
-------+----------+-------------------------------------------
     0 | D        | MuseOD the Spriggan Enchanter began the quest for the Orb.
     0 | D        | Reached XP level 1. HP: 9/9 MP: 5/5
   108 | D        | Found a bloodstained altar of Trog.
   108 | D        | Found a deep blue altar of Sif Muna.
   108 | D        | Found a viscous altar of Jiyva.
   108 | D        | Found a hazy altar of Hepliaklqana.
   108 | D        | Found an opulent altar of Gozag.
   109 | D        | Found a glowing golden altar of the Shining One.
   109 | D        | Found a glowing silver altar of Zin.
   109 | D        | Found a basalt altar of Yredelemnul.
   109 | D        | Found a shimmering altar of Xom.
   109 | D        | Found an ornate altar of the Wu Jian Council.
   109 | D        | Found a sacrificial altar of Ru.
   109 | D        | Found a stormy altar of Qazlal.
   109 | D        | Found an iron altar of Okawaru.
   109 | D        | Found a sparkling altar of Nemelex Xobeh.
   109 | D        | Found a burning altar of Makhleb.
   109 | D        | Found a blossoming altar of Fedhas.
   109 | D        | Found a white marble altar of Elyvilon.
   109 | D        | Found a shadowy altar of Dithmenos.
   109 | D        | Found a snail-covered altar of Cheibriados.
   110 | D        | Found a radiant altar of Vehumet.
   110 | D        | Found a corrupted altar of Lugonu.
   110 | D        | Found a roughly hewn altar of Beogh.
   111 | D        | Found a hide-covered altar of Uskayaw.
   111 | D        | Found an ancient bone altar of Kikubaaqudgha.
   111 | D        | Found a shattered altar of Ashenzari.
   116 | D        | Became a worshipper of Dithmenos the Shadowed
   156 | D        | Noticed a worker ant
   158 | D        | Reached skill level 1 in Fighting
   158 | D        | Reached skill level 5 in Stealth
   158 | D        | Reached XP level 2. HP: 14/14 MP: 6/6
   358 | D        | Learned a level 2 spell: Ensorcelled Hibernation
   362 | D        | Reached skill level 6 in Stealth
   362 | D        | Reached XP level 3. HP: 18/18 MP: 5/8
   367 | D        | Learned a level 3 spell: Confuse
   403 | D        | Reached * piety under Dithmenos
   409 | D        | Noticed a floating eye
   409 | D        | Noticed an ice beast
   424 | D        | Paralysed by a floating eye for 2 turns
   428 | D        | Reached skill level 5 in Short Blades
   430 | D        | Killed a floating eye
   430 | D        | Reached ** piety under Dithmenos
   430 | D        | Reached skill level 8 in Stealth
   430 | D        | Reached XP level 4. HP: 15/25 MP: 4/9
   431 | D        | Slain by an ice beast

Skill      XL: |  1  2  3 |
---------------+----------+-----
Fighting       | 1 2 3 |  3.8
Short Blades   | 3 4 7 |  7.6
Stealth        | 5 6 8 |  8.9
Dodging        | |  3.0
Spellcasting   | |  2.6
Hexes          | |  3.6

Action                   |  1- 3 |  4- 6 || total
-------------------------+-------+-------++-------
Melee: Dagger            |    14 |       ||    14
 Cast: Ensorcelled Hiber |     3 |       ||     3
       Confuse           |       |     1 ||     1
  Use: Potion            |     1 |       ||     1
 Stab: Sleeping          |     6 |       ||     6
Dodge: Dodged            |    10 |       ||    10
